 Dungeon Crawl Stone Soup version 0.28.0-47-ge53b351184 (webtiles) character file.

Game seed: 504284841009019057

2142 101zpm the Thaumaturge (level 9, -16/55 HPs)
             Began as a Djinni Fire Elementalist on May 7, 2022.
             Demolished by Harold
             ... wielding a +0 battleaxe
              (18 damage)
             ... on level 8 of the Dungeon.
             The game lasted 00:15:49 (9407 turns).

101zpm the Thaumaturge (Djinni Fire Elementalist)   Turns: 9407, Time: 00:15:51

Health: -16/55     AC:  3    Str: 13    XL:     9   Next: 56%
Gold:   307        EV: 12    Int: 21    God:
                   SH:  0    Dex:  9

rFire   + . .      SeeInvis +   (no weapon)
rCold   . . .      Faith    .   (no shield)
rNeg    . . .      Spirit   .   a - +0 robe
rPois   ∞          Reflect  .   (no helmet)
rElec   .          Harm     .   (no cloak)
rCorr   .          Rampage  .   v - +0 pair of gloves
Will    .....                   (boots unavailable)
Stlth   ++........              (no amulet)
HPRegen 0.18/turn               t - ring "Syttimib" {Ice rPois Str+6 Dex-5 SInv}
MPRegen 0.00/turn               (no ring)

@: marked, flying
A: sickness immunity, fire resistance 2, cold vulnerability 1, float, innate
caster, HP casting, extra vitality 1
a: no special abilities


You were on level 8 of the Dungeon.
You visited 1 branch of the dungeon, and saw 8 of its levels.

You collected 307 gold pieces.

Inventory:

Armour
 a - a +0 robe (worn)
 u - an orb of guile
 v - a +0 pair of gloves (worn)
Jewellery
 t - the ring "Syttimib" (left hand) {Ice rPois Str+6 Dex-5 SInv}
   (You found it on level 7 of the Dungeon)

   [ring of ice]

   It enhances your ice magic.
   Str:       It affects your strength (+6).
   Dex:       It affects your dexterity (-5).
   rF:        It makes you vulnerable to fire.
   rC:        It protects you from cold.
   rPois:     It protects you from poison.
   SInv:      It lets you see invisible.
Scrolls
 b - a scroll of identify
 d - 2 scrolls of noise
 f - a scroll of immolation
 g - a scroll of blinking
 m - a scroll of summoning
 n - 2 scrolls of enchant weapon
 o - a scroll of amnesia
 r - 3 scrolls of vulnerability
Potions
 c - a potion of might
 e - a potion of heal wounds
 h - 4 potions of curing
 i - a potion of attraction {unknown}
 j - 3 potions of ambrosia {unknown}
 k - 2 potions of flight {unknown}
 l - 2 potions of mutation {unknown}
 p - a potion of brilliance {unknown}
 q - a potion of magic {unknown}
 s - a potion of degeneration {unknown}


   Skills:
 + Level 0.1 Fighting
 + Level 2.5 Dodging
 + Level 3.2 Stealth
 + Level 9.2 Spellcasting


You had 4 spell levels left.
You knew the following spells:

 Your Spells              Type           Power      Damage    Failure   Level
a - Foxfire               Conj/Fire      100%       2x1d9     1%          1
b - Scorch                Fire           96%        2d10      1%          2
c - Conjure Flame         Conj/Fire      48%        6-21      1%          3
d - Inner Flame           Hex/Fire       48%        N/A       1%          3
e - Flame Wave            Conj/Fire      48%        2d10      1%          4
f - Freeze                Ice            100%       1d11      1%          1
g - Corpse Rot            Necr/Air       96%        N/A       1%          2
h - Call Imp              Summ           48%        N/A       1%          2
i - Airstrike             Air            24%        N/A       1%          4
Your spell library was empty.

Dungeon Overview and Level Annotations

Branches:
Dungeon (8/15)             Temple (0/1) D:7
   Lair: D:8-11

Altars:
Sif Muna

Shops:
D:1 [   D:3 (   D:4 =

Annotations:
D:8 Harold


Innate Abilities, Weirdness & Mutations

You are immune to sickness and miasma.
You are immune to poison.
Your flesh is very heat resistant. (rF++)
You are vulnerable to cold. (rC-)
You float through the air rather than walking.
You learn spells naturally, not from books.
Your magical power is your life essence.
You have superior vitality. (+4 MHP)


Message History

Press: ? - help, Dir - move target, f - Harold
Aim: Harold, wielding a +0 battleaxe, wearing a +0 scale mail and quivering a throwing net (chance to affect: 69%) Harold is filled with an inner flame.
The foxfire hits Harold but does no damage.
The foxfire hits Harold.
Flame seeps out of Harold.
Harold is lightly wounded.
Casting: Inner Flame (safe; 1% risk of failure)
Confirm with . or Enter, or press ? or * to list all spells.
Aiming: Inner Flame (safe; 1% risk of failure)
Press: ? - help, Dir - move target, f - orc priest, p - Harold
Aim: an orc priest, wielding a +0 club (chance to affect: 92%)
The orc priest is filled with an inner flame.
The foxfire hits Harold but does no damage.
Harold is lightly wounded.
The foxfire hits Harold but does no damage.
Harold is lightly wounded.
The orc priest invokes the aid of Beogh against you.
Beogh smites you!
* * * LOW HITPOINT WARNING * * *
Harold is engulfed in blazing flames.
Flame seeps out of Harold.
Harold fires a harpoon shot at you. The harpoon shot hits you.
* * * LOW HITPOINT WARNING * * *
You are yanked forward by the harpoon shot.
Things that are here:
a +0 dagger; a +0 robe
Casting: Inner Flame (safe; 1% risk of failure)
Confirm with . or Enter, or press ? or * to list all spells.
Flames lash the orc.
* * * LOW HITPOINT WARNING * * *
The orc explodes!
The fiery explosion engulfs Harold!!
Flame seeps out of Harold.
Harold is severely wounded.
The fiery explosion engulfs the orc wizard!!
The orc wizard explodes!
You feel a bit more experienced.
You hear an explosion!
Harold is engulfed in blazing flames.
Flame seeps out of Harold.
Harold hits you with a +0 battleaxe!!
You die...

######### #.......#
#.#####.#
######.<.....#
#.......#....# #
#.####..#.#..# ...
#.#.....<.(..#####§§§#
#.#.##..##.#...@@§#
#.#.##..##...####§#
#............# #
#####.######## #.# #.#
#.# #.# #.#


You could see Harold (inner flame).

Vanquished Creatures
  A hornet (D:7)
  A water moccasin (D:5)
  A sky beast (D:7)
  A black bear (D:5)
  A hornet zombie (D:6)
  2 ice beasts
  3 ogres
  A necrophage (D:7)
  2 centaurs (D:6)
  A phantom (D:7)
  A kobold brigand (D:6)
  A scorpion (D:4)
  A wyvern skeleton (D:7)
  A howler monkey (D:2)
  A centaur zombie (D:7)
  A bullfrog skeleton (D:5)
  5 hounds
  A centaur skeleton (D:7)
  2 orc priests
  A gnoll shaman (D:7)
  2 iguanas
  2 orc wizards (D:8)
  7 gnolls
  11 adders
  An ufetubus (D:4)
  A worm (D:2)
  3 dart slugs
  16 orcs
  5 bats
  5 endoplasms
  4 giant cockroaches
  7 goblins
  3 hobgoblins
  3 quokkas
  5 ball pythons
  4 frilled lizards
  12 kobolds
  5 rats
125 creatures vanquished.

Vanquished Creatures (others)
  685 foxfires
  A plant (D:7)
686 creatures vanquished.

Grand Total: 811 creatures vanquished

Notes
Turn   | Place    | Note
-------+----------+-------------------------------------------
     0 | D:1      | 101zpm the Djinni Fire Elementalist began the quest for the
                  | Orb.
     0 | D:1      | Reached XP level 1. HP: 15/15 MP: 0/0
   470 | D:1      | Reached XP level 2. HP: 13/21 MP: 0/0
   633 | D:1      | Found a faded altar of an unknown god.
   719 | D:1      | Found Uluddy's Antique Armour Shop.
  1454 | D:2      | Noticed a howler monkey
  1459 | D:2      | Killed a howler monkey
  1460 | D:2      | Reached skill level 3 in Spellcasting
  1460 | D:2      | Reached XP level 3. HP: 19/25 MP: 0/0
  1460 | D:2      | Learned a level 1 spell: Freeze
  1460 | D:2      | Reached XP level 4. HP: 24/31 MP: 0/0
  2704 | D:2      | Reached XP level 5. HP: 32/35 MP: 0/0
  2704 | D:2      | Learned a level 2 spell: Corpse Rot
  3283 | D:3      | Reached skill level 4 in Spellcasting
  3831 | D:3      | Found Ceasid's Antique Weapon Boutique.
  4831 | D:4      | Found Xoupus's Jewellery Shoppe.
  4898 | D:4      | Reached XP level 6. HP: 34/40 MP: 0/0
  5024 | D:4      | Noticed an ogre
  5028 | D:4      | Killed an ogre
  5029 | D:4      | Reached skill level 5 in Spellcasting
  5060 | D:4      | Reached XP level 7. HP: 1/45 MP: 0/0
  5060 | D:4      | Learned a level 2 spell: Call Imp
  6004 | D:5      | Entered Level 5 of the Dungeon
  6044 | D:5      | Noticed a water moccasin
  6047 | D:5      | Killed a water moccasin
  6048 | D:5      | Reached skill level 6 in Spellcasting
  6063 | D:5      | Reached XP level 8. HP: 13/50 MP: 0/0
  6947 | D:5      | Reached skill level 7 in Spellcasting
  7832 | D:7      | Reached skill level 8 in Spellcasting
  7922 | D:7      | Reached XP level 9. HP: 36/55 MP: 0/0
  7922 | D:7      | Learned a level 4 spell: Airstrike
  8246 | D:7      | Identified the ring "Syttimib" {Ice rPois Str+6 Dex-5 SInv}
  8390 | D:7      | Noticed a hornet
  8395 | D:7      | Killed a hornet
  8526 | D:7      | Reached skill level 9 in Spellcasting
  8709 | D:7      | Found a staircase to the Ecumenical Temple.
  9398 | D:8      | Noticed Harold
  9407 | D:8      | Demolished by Harold

Illustrated notes

Levels and vault maps discovered:
D:1:      saegor_arrival_simple_b, layout_loops_ring,
          shapermc_ecumenical_altar_acropolis, serial_shops,
          nicolae_shop_behind_doors, hangedman_abyss_or_decor_stabs
D:2:      layout_basic, kennysheep_minor_cross, hangedman_feature_mirror,
          chequers_serial_rivers_small_a
D:3:      layout_basic, serial_shops, nicolae_shop_waterfront, dk_noncrumbling_4
D:4:      layout_loops_ring, serial_shops, kennysheep_mini,
          minmay_misc_feat_secret_circle
D:5:      layout_loops_cross
D:6:      layout_rooms, mainiacjoe_overflow_big_doors, kennysheep_flooded_box,
          hangedman_decor_slide_cut
D:7:      layout_basic, mainiacjoe_overflow_cross_hatched,
          minmay_temple_entry_gardened_gates
D:8:      layout_loops_cross, fedhas_altar_4, eino_jars, uniq_harold, uniq_erica

Skill      XL: |  1  2  3  4  5  6  7  8  9 |
---------------+----------------------------+-----
Stealth        | 2 3 |  3.2
Spellcasting   | 3 4 5 6 8 9 |  9.2
Fighting       | |  0.1
Dodging        | |  2.5

Action                   |  1- 3 |  4- 6 |  7- 9 || total
-------------------------+-------+-------+-------++-------
Melee: Unarmed           |     1 |       |       ||     1
 Cast: Foxfire           |    60 |   184 |   178 ||   422
       Scorch            |       |    23 |    20 ||    43
       Inner Flame       |       |    15 |    55 ||    70
  Use: Scroll            |       |       |    10 ||    10
Armor: Robe              |       |     2 |       ||     2
Dodge: Dodged            |     2 |     3 |     9 ||    14
